 Dungeon Crawl Stone Soup version 0.28-a0-556-gab23d0e057 (webtiles) character file.

Game seed: 4513130765597484498

308 olmar the Grasshopper (level 6, -4/51 HPs)
             Began as a Gnoll Warper on Sept 28, 2021.
             Was a Believer of Sif Muna.
             Slain by an orc priest (9 damage)
             ... on level 3 of the Dungeon.
             The game lasted 00:07:15 (4406 turns).

olmar the Grasshopper (Gnoll Warper)                Turns: 4406, Time: 00:07:16

Health: -4/51      AC: 10    Str: 12    XL:     6   Next: 40%
Magic:  23/23      EV: 13    Int: 12    God:    Sif Muna [**....]
Gold:   109        SH:  0    Dex: 12    Spells: 8/15 levels left

rFire   . . .      SeeInvis .   g - +3 flail (protect)
rCold   + . .      Faith    .   (no shield)
rNeg    . . .      Spirit   .   b - +0 leather armour
rPois   .          Reflect  .   (no helmet)
rElec   .          Harm     .   (no cloak)
rCorr   .          Rampage  .   (no gloves)
Will    .....                   (no boots)
Stlth   +.........              (no amulet)
HPRegen 0.17/turn               i - ring of magical power
MPRegen 0.18/turn               k - ring of protection from cold

@: silenced, under a protective aura
A: fangs 1, strong nose, distributed training
a: Renounce Religion


You were on level 3 of the Dungeon.
You worshipped Sif Muna.
Sif Muna was pleased with you.
You visited 1 branch of the dungeon, and saw 4 of its levels.

You collected 109 gold pieces.

Inventory:

Hand Weapons
 a - a +0 mace
 g - a +3 flail of protection (weapon)
Missiles
 d - 11 boomerangs of dispersal
 j - 3 boomerangs (quivered)
Armour
 b - a +0 leather armour (worn)
 h - a scarf of shadows
Jewellery
 i - a ring of magical power (left hand)
 k - a ring of protection from cold (right hand)
Scrolls
 c - a scroll of blinking
 e - a scroll of amnesia
 l - a scroll of teleportation {unknown}
 m - a scroll of torment {unknown}
Potions
 n - a potion of resistance


   Skills:
 + Level 5.0 Fighting
 + Level 2.0 Short Blades
 + Level 2.0 Long Blades
 + Level 2.0 Axes
 + Level 5.0 Maces & Flails
 + Level 2.0 Polearms
 + Level 2.0 Staves
 + Level 2.0 Slings
 + Level 2.0 Bows
 + Level 2.0 Crossbows
 + Level 3.2 Throwing
 + Level 3.2 Armour
 + Level 5.0 Dodging
 + Level 2.0 Stealth
 + Level 2.0 Shields
 + Level 2.0 Unarmed Combat
 + Level 5.3 Spellcasting
 + Level 1.5 Conjurations
 + Level 1.5 Hexes
 + Level 1.5 Summonings
 + Level 1.5 Necromancy
 + Level 5.6 Translocations
 + Level 1.5 Transmutations
 + Level 1.5 Fire Magic
 + Level 1.5 Ice Magic
 + Level 1.5 Air Magic
 + Level 1.5 Earth Magic
 + Level 1.5 Poison Magic
 + Level 2.1 Invocations
 + Level 2.0 Evocations


You had 8 spell levels left.
You knew the following spells:

 Your Spells              Type           Power      Damage    Failure   Level
a - Manifold Assault      Tloc           16%        N/A       54%         5
b - Blink                 Tloc           N/A        N/A       3%          2

Your spell library contained the following spells:

 Spells                   Type           Power      Damage    Failure   Level
 Gell's Gravitas          Tloc           8%         N/A       7%          3
 Lesser Beckoning         Tloc           16%        N/A       7%          3
 Teleport Other           Tloc           16%        N/A       7%          3
 Sublimation of Blood     Necr           3%         N/A       21%         2
 Wereblood                Tmut           6%         N/A       21%         2
 Summon Hydra             Summ           3%         N/A       100%        7


Dungeon Overview and Level Annotations

Branches:
Dungeon (4/15)
 Temple: D:4-7

Altars:
Sif Muna

Shops:
D:2 [(*=(   D:3 [


Innate Abilities, Weirdness & Mutations

You have very sharp teeth.
Your uncanny sense of smell can sniff out nearby items.
Your experience applies equally to all skills.


Message History

You closely miss the orc.
The orc is lightly wounded.
The orc hits you with a +0 dagger. The orc priest closely misses you.
Unknown command.
You hit the orc.
Your weapon exudes an aura of protection.
The orc is almost dead.
The orc completely misses you.
The orc priest hits you from afar with a +2 vorpal trident.
* * * LOW HITPOINT WARNING * * *
Unknown command.
Unknown command.
You hit the orc.
You kill the orc!
Sif Muna accepts your kill.
The orc priest hits you from afar with a +2 vorpal trident.
* * * LOW HITPOINT WARNING * * *
x2 Unknown command.
Unknown command.
The orc priest misses you.
You see here a +0 club.
Unknown command.
Unknown command.
You hit the orc priest.
The orc priest is lightly wounded.
The orc priest closely misses you. The orc priest completely misses you.
Unknown command.
You barely miss the orc priest.
The orc priest is lightly wounded.
The orc priest misses you.
Unknown command.
Your leather armour prevents you from hitting the orc priest.
The orc priest is lightly wounded.
The orc priest hits you with a +2 vorpal trident.
* * * LOW HITPOINT WARNING * * *
x2 Unknown command.
You closely miss the orc priest.
The orc priest is lightly wounded.
The orc priest hits you with a +2 vorpal trident!
You die...

........#####.###
........####..### .
.............##.. .#
........#######.# .#
.............##.##.#
.#...........##.#..#
.....#........#...#
.....#..........o#
.............#..@##
..#..#...)...#..).###
........######..#...#######
.....##.# ##.....##.......######
..).###.........#########.#....#
..#.# ##......#.# #.#....# ....#
##.#..#...# #......#
...####..........### ##.....#
#####.........# ..# #.....#


You could see an orc priest.

Vanquished Creatures
  A wight (D:4)
  2 orc priests
  An iguana (D:4)
  10 adders
  2 dart slugs (D:2)
  10 orcs
  6 ball pythons
  6 endoplasms
  4 giant cockroaches
  2 goblins
  8 hobgoblins
  6 jackals (D:1)
  4 kobolds
  2 quokkas (D:1)
  9 bats
  2 frilled lizards
  5 rats
80 creatures vanquished.

Vanquished Creatures (others)
  5 plants
5 creatures vanquished.

Grand Total: 85 creatures vanquished

Notes
Turn   | Place    | Note
-------+----------+-------------------------------------------
     0 | D:1      | olmar the Gnoll Warper began the quest for the Orb.
     0 | D:1      | Reached XP level 1. HP: 20/20 MP: 6/6
   140 | D:1      | Reached XP level 2. HP: 26/26 MP: 7/7
   696 | D:1      | Reached XP level 3. HP: 10/31 MP: 9/9
   701 | D:1      | Reached skill level 5 in Spellcasting
  1363 | D:1      | Found a faded altar of an unknown god.
  1692 | D:1      | Became a worshipper of Sif Muna the Loreminder
  1692 | D:1      | Reached * piety under Sif Muna
  1777 | D:2      | Reached skill level 1 in Invocations
  1784 | D:2      | Found Jyrphuk's Jewellery Shop.
  1795 | D:2      | Found Faecear's Weapon Shop.
  2008 | D:2      | Reached skill level 1 in Short Blades
  2008 | D:2      | Reached skill level 1 in Long Blades
  2008 | D:2      | Reached skill level 1 in Axes
  2008 | D:2      | Reached skill level 1 in Polearms
  2008 | D:2      | Reached skill level 1 in Staves
  2008 | D:2      | Reached skill level 1 in Slings
  2008 | D:2      | Reached skill level 1 in Bows
  2008 | D:2      | Reached skill level 1 in Crossbows
  2008 | D:2      | Reached skill level 1 in Stealth
  2008 | D:2      | Reached skill level 1 in Shields
  2008 | D:2      | Reached skill level 1 in Unarmed Combat
  2008 | D:2      | Reached skill level 1 in Evocations
  2008 | D:2      | Reached XP level 4. HP: 37/38 MP: 11/11
  2471 | D:2      | Found Aqistratt's Assorted Antiques.
  2489 | D:2      | Found Oten's Antique Armour Shoppe.
  2506 | D:2      | Found Vuexkuh's Antique Weapon Shoppe.
  2826 | D:4      | Reached skill level 1 in Conjurations
  2826 | D:4      | Reached skill level 1 in Hexes
  2826 | D:4      | Reached skill level 1 in Summonings
  2826 | D:4      | Reached skill level 1 in Necromancy
  2826 | D:4      | Reached skill level 1 in Transmutations
  2826 | D:4      | Reached skill level 1 in Fire Magic
  2826 | D:4      | Reached skill level 1 in Ice Magic
  2826 | D:4      | Reached skill level 1 in Air Magic
  2826 | D:4      | Reached skill level 1 in Earth Magic
  2826 | D:4      | Reached skill level 1 in Poison Magic
  2938 | D:4      | Reached XP level 5. HP: 36/43 MP: 12/12
  3172 | D:4      | Learned a level 5 spell: Manifold Assault
  3219 | D:4      | Learned a level 2 spell: Blink
  3505 | D:3      | Reached XP level 6. HP: 32/50 MP: 13/13
  3525 | D:3      | Reached ** piety under Sif Muna
  3886 | D:3      | Found Ofymuex's Antique Armour Emporium.
  4396 | D:3      | Reached skill level 5 in Fighting
  4396 | D:3      | Reached skill level 5 in Maces & Flails
  4396 | D:3      | Reached skill level 5 in Dodging
  4406 | D:3      | Slain by an orc priest

Illustrated notes

Levels and vault maps discovered:
D:1:      sevenhm_arrival_forest_fort_small_3, layout_basic,
          chequers_ecumenical_altar_grove, serial_corexii_hall,
          chequers_hall_statues_y, corexii_hall_statues_u
D:2:      layout_basic, serial_shops, shop_statue, nicolae_shop_stone,
          nicolae_shop_waterfront, nicolae_square_shop, shop, serial_forest,
          infiniplex_forest_lined_3, infiniplex_forest_lined_corner,
          infiniplex_forest_join, infiniplex_forest_clump_cross,
          infiniplex_forest_lined_corner, infiniplex_forest_diagonal,
          infiniplex_forest_end_2, minmay_tetromino_s4
D:3:      layout_rooms, serial_shops, shop_fountains, serial_bayou_pond_b
D:4:      minmay_door_path, layout_basic

Skill      XL: |  1  2  3  4  5  6 |
---------------+-------------------+-----
Spellcasting   | 5 |  5.3
Invocations    | 1 2 |  2.1
Short Blades   | 1 2 |  2.0
Long Blades    | 1 2 |  2.0
Axes           | 1 2 |  2.0
Polearms       | 1 2 |  2.0
Staves         | 1 2 |  2.0
Slings         | 1 2 |  2.0
Bows           | 1 2 |  2.0
Crossbows      | 1 2 |  2.0
Stealth        | 1 2 |  2.0
Shields        | 1 2 |  2.0
Unarmed Combat | 1 2 |  2.0
Evocations     | 1 2 |  2.0
Conjurations   | 1 |  1.5
Hexes          | 1 |  1.5
Summonings     | 1 |  1.5
Necromancy     | 1 |  1.5
Transmutations | 1 |  1.5
Fire Magic     | 1 |  1.5
Ice Magic      | 1 |  1.5
Air Magic      | 1 |  1.5
Earth Magic    | 1 |  1.5
Poison Magic   | 1 |  1.5
Throwing       | 3 |  3.2
Armour         | 3 |  3.2
Fighting       | 5 |  5.0
Maces & Flails | 5 |  5.0
Dodging        | 5 |  5.0
Translocations | |  5.6

Action                   |  1- 3 |  4- 6 || total
-------------------------+-------+-------++-------
Melee: Mace              |   128 |    65 ||   193
       Bite              |     8 |    13 ||    21
       Flail             |       |   107 ||   107
Throw: Boomerang         |       |    24 ||    24
  Use: Potion            |     3 |     5 ||     8
       Scroll            |       |     3 ||     3
 Stab: Sleeping          |     1 |     2 ||     3
Armor: Leather armour    |    45 |    44 ||    89
Dodge: Dodged            |    98 |   147 ||   245

Table legend: (Time is in decaauts)
 A = Elapsed time spent in this place.
 B = Non-inter-level travel time spent in this place.
 C = Inter-level travel time spent in this place.
 D = Time resting spent in this place.
 E = Time spent auto-exploring this place.
 F = Levels seen in this place.
 G = Mean time per level.
                   A        B        C        D        E       F      G
               +--------+--------+--------+--------+--------+-----+--------+
         Total |   4454 |   4304 |    150 |   1378 |   2201 |   4 | 1113.5 |
       Dungeon |   4454 |   4304 |    150 |   1378 |   2201 |   4 | 1113.5 |
               +--------+--------+--------+--------+--------+-----+--------+

Top non-repeatable levels by time:
     D:1: 1733 daAuts
     D:3: 1014 daAuts
     D:2: 940 daAuts
     D:4: 766 daAuts
